 Dungeon Crawl Stone Soup version 0.27.1-33-g824d729ab1 (webtiles) character file.

Game seed: 6227302608803677125

178 hamarrboo the Poker (level 5, -1/42 HPs)
             Began as a Human Berserker on Dec 4, 2021.
             Was a Believer of Trog.
             Slain by an orc wizard (2 damage)
             ... on level 3 of the Dungeon.
             The game lasted 00:11:51 (3493 turns).

hamarrboo the Poker (Human Berserker)               Turns: 3493, Time: 00:11:52

Health: -1/42      AC:  6    Str: 19    XL:     5   Next: 89%
Magic:  5/5        EV: 10    Int:  7    God:    Trog [**....]
Gold:   208        SH:  0    Dex: 12    Spells: 4/4 levels left

rFire    . . .     SeeInvis .   g - +1 hand axe (elec)
rCold    . . .     Faith    .   (no shield)
rNeg     . . .     Spirit   .   c - +0 scale mail
rPois    .         Reflect  .   (no helmet)
rElec    .         Harm     .   (no cloak)
rCorr    .         Rampage  .   (no gloves)
Will     .....                  (no boots)
Stlth    ..........             (no amulet)
HPRegen  0.14/turn              (no ring)
MPRegen  0.09/turn              (no ring)

@: no status effects
A: no striking features
a: Renounce Religion, Berserk, Trog's Hand


You were on level 3 of the Dungeon.
You worshipped Trog.
Trog was pleased with you.
You visited 1 branch of the dungeon, and saw 4 of its levels.

You collected 208 gold pieces.

Inventory:

Hand Weapons
 a - a +0 spear
 g - a +1 hand axe of electrocution (weapon)
Missiles
 n - 7 javelins (quivered)
Armour
 c - a +0 scale mail (worn)
Scrolls
 d - a scroll of blinking {unknown}
 h - a scroll of magic mapping {unknown}
 i - a scroll of fog {unknown}
 k - 2 scrolls of identify {unknown}
 l - a scroll of holy word {unknown}
Potions
 b - 2 potions of lignification {unknown}
 f - a potion of magic {unknown}
 j - a potion of berserk rage {unknown}
 m - a potion of curing {unknown}


   Skills:
 + Level 3.8 Fighting
 + Level 1.3(2.8) Axes
 - Level 3.9(4.0) Polearms
 + Level 1.1 Throwing
 + Level 3.1 Armour
 + Level 2.5 Dodging
 + Level 1.1 Stealth


You had 4 spell levels left.
You didn't know any spells.
Your spell library was empty.

Dungeon Overview and Level Annotations

Branches:
Dungeon (4/15)
 Temple: D:4-7

Altars:

Shops:
D:2 [

Annotations:
D:3 1 runed translucent door, exclusion: door, Egil's ghost, amateur DrFi


Message History

You are more confused.
Something hits you. Something hits you but does no damage.
You bump into the rock wall.
The orc wizard hits you but does no damage.
Something hits you. x2
You bump into the rock wall.
The orc wizard hits you but does no damage.
Something hits you but does no damage. x2
You bump into the rock wall.
The orc wizard hits you but does no damage.
You hear some strange, mumbled words.
A puff of flame appears from out of thin air!
The puff of flame hits you.
* * * LOW HITPOINT WARNING * * *
Something hits you.
* * * LOW HITPOINT WARNING * * *
You bump into the rock wall.
The orc wizard hits you but does no damage.
Something hits you.
* * * LOW HITPOINT WARNING * * *
Something hits you.
* * * LOW HITPOINT WARNING * * *
Unknown command.
You are too confused!
You miss the orc wizard.
The orc wizard is severely wounded.
You hit something but do no damage. You barely miss something.
The orc wizard hits you but does no damage.
Something hits you but does no damage. Something hits you.
* * * LOW HITPOINT WARNING * * *
Unknown command.
You are too confused!
You're too confused to move!
You feel less confused.
The orc wizard hits you with a +0 dagger.
* * * LOW HITPOINT WARNING * * *
Something hits you.
* * * LOW HITPOINT WARNING * * *
Something hits you.
You die...

####.####............##.#####..#.
........#..#.....##..##<.......#.
####.##..............#####.###.#.
#.####..#........## #.# #.#.
#.####..#.........# #.# #.#.
#.......#.........## #.# #.#.
######.###.........## #.# #...
#)# ##.#{{...#.# #.# #### #.#
#.#@o..#.## #.# # #.####.####.#.#
#.# #......# #.#.# #.######
######## #.#.####.......
#........###### ##########


You could see an orc wizard.

Vanquished Creatures
  Terence (D:2)
  3 gnolls (D:3)
  4 adders (D:3)
  A worm (D:3)
  2 dart slugs
  2 orcs (D:3)
  8 bats
  4 endoplasms
  4 giant cockroaches
  8 goblins
  5 hobgoblins
  2 quokkas
  3 ball pythons
  A frilled lizard (D:2)
  5 kobolds (D:1)
  6 rats
59 creatures vanquished.

Vanquished Creatures (others)
  An orc wizard (D:4)
1 creature vanquished.

Grand Total: 60 creatures vanquished

Notes
Turn   | Place    | Note
-------+----------+-------------------------------------------
     0 | D:1      | hamarrboo the Human Berserker began the quest for the Orb.
     0 | D:1      | Reached XP level 1. HP: 18/18 MP: 1/1
   183 | D:1      | Reached XP level 2. HP: 20/24 MP: 2/2
   349 | D:2      | Noticed Terence
   355 | D:2      | Killed Terence
   356 | D:2      | Reached XP level 3. HP: 29/29 MP: 3/3
   747 | D:1      | Reached XP level 4. HP: 32/35 MP: 4/4
  1361 | D:2      | Found Fonewnag's Antique Armour Shop.
  1509 | D:2      | Found a faded altar of an unknown god.
  1554 | D:2      | Reached ** piety under Trog
  2138 | D:3      | Reached XP level 5. HP: 26/42 MP: 5/5
  2379 | D:3      | Reached skill level 1 in Stealth
  2623 | D:3      | Reached skill level 1 in Axes
  2890 | D:3      | Found a runed translucent door.
  2895 | D:3      | Noticed a bullfrog
  2896 | D:3      | Noticed Egil's ghost (amateur DrFi)
  3006 | D:3      | Reached skill level 1 in Throwing
  3493 | D:3      | HP: 2/42 [orc wizard (2)]
  3493 | D:3      | Slain by an orc wizard

Illustrated notes

Levels and vault maps discovered:
D:1:      dpeg_arrival_castle, layout_basic, serial_glass, glass_columns_c,
          glass_columns_b, due_unseen_surprise, feat_on_display,
          feat_on_display, feat_on_display, minmay_misc_feat_enclosed
D:2:      layout_basic, hellmonk_ecumenical_altar_pennies_from_heaven,
          serial_shops, shop_fountains, minivault_26, uniq_terence
D:3:      layout_loops_ring, ebering_ghost_sewer_d
D:4:      layout_basic, chequers_serial_rivers_large_a, serial_park_tiny_1,
          uniq_blork_the_orc

Skill      XL: |  1  2  3  4  5 |
---------------+----------------+-----
Stealth        | 1 |  1.1
Axes           | 1 |  1.3
Armour         | 3 |  3.1
Throwing       | 1 |  1.1
Fighting       | |  3.8
Polearms       | |  3.9
Dodging        | |  2.5

Action                   |  1- 3 |  4- 6 || total
-------------------------+-------+-------++-------
Melee: Spear             |    65 |    29 ||    94
       Hand axe          |       |    55 ||    55
Throw: Dart              |       |    24 ||    24
       Javelin           |       |     7 ||     7
Invok: Berserk           |     2 |     2 ||     4
 Stab: Sleeping          |     1 |       ||     1
       Invisible         |       |     2 ||     2
Armor: Animal skin       |     2 |       ||     2
       Scale mail        |    11 |    39 ||    50
Dodge: Dodged            |    23 |    39 ||    62
